 Dungeon Crawl Stone Soup version 0.13-a0-2682-gb26bf1a (webtiles) character file.

158 M4edhros the Charlatan (level 4, -2/29 HPs)
             Began as an Octopode Artificer on Aug 14, 2013.
             Killed from afar by an orc wizard (7 damage)
             ... with a magic dart
             ... on Level 3 of the Dungeon.
             The game lasted 00:00:59 (1387 turns).

M4edhros the Charlatan (Octopode Artificer)         Turns: 1387, Time: 00:00:59

HP  -2/29        AC  1     Str 10      XL: 4   Next: 20%
MP   7/7         EV 12     Int 15      God:
Gold 89          SH  0     Dex 12      Spells:  0 memorised,  3 levels left

Res.Fire  : . . .   See Invis. : .   a - +0 short sword
Res.Cold  : . . .   Warding    : .   (no shield)
Life Prot.: . . .   Conserve   : .   (helmet restricted)
Res.Poison: .       Res.Corr.  : .   (no amulet)
Res.Elec. : .       Clarity    : .   (no ring)
Sust.Abil.: . .     Spirit.Shd : .   (no ring)
Res.Mut.  : .       Stasis     : .   (no ring)
Res.Rott. : .       Flight     : .   (no ring)
Saprovore : . . .                    (no ring)
                                     (no ring)
                                     (no ring)
                                     (no ring)

@: slightly resistant to hostile enchantments, stealthy
A: almost no armour, amphibious, 8 rings, constrict 8, camouflage 1, AC +1
a: no special abilities


You were on level 3 of the Dungeon.
You were very hungry.

You visited 1 branch of the dungeon, and saw 3 of its levels.

You collected 69 gold pieces.

Inventory:

Hand weapons
 a - a +0,+0 short sword (weapon)
Magical devices
 b - a wand of flame (15)
 c - a wand of enslavement (15)
 d - a wand of random effects (15)
Comestibles
 f - a bread ration
 j - a choko
Scrolls
 g - a scroll of remove curse {unknown}
 h - a scroll of curse weapon {unknown}
 i - a scroll of teleportation {unknown}
 k - a scroll of enchant weapon II {unknown}
Jewellery
 l - an uncursed amulet of clarity {unknown}


   Skills:
 - Level 1.0 Fighting
 - Level 1.0 Short Blades
 - Level 2.0 Dodging
 - Level 1.3 Stealth
 + Level 5.7 Evocations


You had 3 spell levels left.
You didn't know any spells.

Dungeon Overview and Level Annotations

Branches:
Dungeon (3/27)

Altars:
Kikubaaqudgha
Okawaru


Innate Abilities, Weirdness & Mutations

You cannot wear most types of armour.
You are amphibious.
You can wear up to eight rings at the same time.
You can use your tentacles to constrict many enemies at once.
Your skin changes colour to match your surroundings (Stlth).
Your rubbery body absorbs attacks (AC +1).


Message History

The orc wizard casts a spell.
The orc wizard seems to speed up.
The orc hits you with a glowing orcish mace!
The orc hits you but does no damage.
You hit the orc wizard but do no damage.
Your grab misses the orc wizard. You squeeze the orc wizard!
The orc wizard is heavily wounded.
You constrict the orc.
You kill the orc!
The orc wizard casts a spell at you. The magic dart hits you!
The orc wizard hits you with an orcish dagger.
The orc hits you with a glowing orcish mace.
* * * LOW HITPOINT WARNING * * *
Unknown command.
You closely miss the orc wizard. Your grab misses the orc wizard.
The orc wizard is heavily wounded.
The orc wizard gestures at you while chanting.
The magic dart hits you!
You die...

# #.# .. #.# #.
####.### #.
#...<..# #!
#####......#
#.##..........#
#)......o...#.#####
#).##...##.........
#o@#)...)#..#.#####
#..o.._.....#.#
#..#)...)#..#.#
##.##...##.[..#
#..........###
###........#
########.# #.# #.#
####


You could see an orc wizard and an orc.

Vanquished Creatures
  Jessica (D:3)
  2 adders
  A giant mite (D:2)
  A giant gecko (D:2)
  An ooze (D:3)
  2 orcs (D:3)
  A bat (D:2)
  3 giant cockroaches
  2 goblins
  A hobgoblin (D:2)
  A quokka (D:2)
  4 training dummies (D:3)
  A kobold (D:1)
  A plant (D:3)
22 creatures vanquished.

Notes
Turn   | Place    | Note
--------------------------------------------------------------
     0 | D:1      | M4edhros, the Octopode Artificer, began the quest for the Orb.
     0 | D:1      | Reached XP level 1. HP: 14/14 MP: 1/1
   525 | D:2      | Reached skill level 4 in Evocations
   525 | D:2      | Reached XP level 2. HP: 9/19 MP: 3/3
   785 | D:2      | Reached XP level 3. HP: 17/24 MP: 5/5
   966 | D:3      | Reached skill level 5 in Evocations
  1221 | D:3      | Found an ancient bone altar of Kikubaaqudgha.
  1236 | D:3      | Noticed Jessica
  1241 | D:3      | Killed Jessica
  1241 | D:3      | Reached XP level 4. HP: 19/29 MP: 7/7
  1364 | D:3      | Found an iron altar of Okawaru.
  1387 | D:3      | Killed from afar by an orc wizard

Action                   |  1- 3 |  4- 6 || total
-------------------------+-------+-------++-------
Melee: Short sword       |    44 |    14 ||    58
  Use: Potion            |     2 |     1 ||     3
 Stab: Sleeping          |     3 |       ||     3
